 Dungeon Sprint DCSS version 0.29.1-2-gbd0b4ee654 (webtiles) character file.

Game seed: 8422084428569546437

36200000 raph the Archmage (level 27, 59/228 HPs)
             Began as a Djinni Warper on Nov 30, 2022.
             Was the Champion of Makhleb.
             Escaped with the Orb!
             The game lasted 00:04:28 (181 turns).

raph the Archmage (Djinni Warper)                    Turns: 181, Time: 00:04:28

Health: 59/228     AC:  6    Str: 10    XL:     27
Gold:   0          EV: 34    Int: 19    God:    Makhleb [******] SH:  0 Dex: 23

rFire   + + .      SeeInvis +   h - +∞ Axe of Woe
rCold   x . .      Faith    .   (shield currently unavailable)
rNeg    . . .      Spirit   .   a - +0 leather armour
rPois   ∞          Reflect  .   (no helmet)
rElec   .          Harm     .   (no cloak)
rCorr   .          Rampage  .   (no gloves)
Will    ++...      NoTele   +   (boots unavailable)
Stlth   ++++......              (no amulet)
HPRegen 0.48/turn               i - +200 ring of slaying
MPRegen 0.00/turn               j - ring of see invisible

@: flying, hasted (expiring), very quick
A: sickness immunity, fire resistance 2, cold vulnerability 1, float, innate
caster, HP casting, extra vitality 1
0: Orb of Zot
a: Renounce Religion, Minor Destruction, Lesser Servant of Makhleb, Major
Destruction, Greater Servant of Makhleb


You escaped.
You worshipped Makhleb.
Makhleb was exalted by your worship.
You visited 1 branch

Inventory:

Hand Weapons
 h - the +∞ Axe of Woe (weapon)
   (You found it in the Dungeon)
Missiles
 c - 7 boomerangs of dispersal (quivered)
Armour
 a - a +0 leather armour (worn)
Jewellery
 i - a +200 ring of slaying (left hand)
 j - a ring of see invisible (right hand)
Scrolls
 b - 2 scrolls of blinking
Potions
 d - a potion of curing
 e - a potion of heal wounds
 g - a potion of berserk rage


   Skills:
 O Level 27 Fighting
 O Level 27 Short Blades
 O Level 27 Long Blades
 O Level 27 Axes
 O Level 27 Maces & Flails
 O Level 27 Polearms
 O Level 27 Staves
 O Level 27 Ranged Weapons
 O Level 27 Throwing
 O Level 27 Armour
 O Level 27 Dodging
 O Level 27 Stealth
 O Level 27 Shields
 O Level 27 Unarmed Combat
 O Level 27 Spellcasting
 O Level 27 Invocations
 O Level 27 Evocations


You couldn't memorise any spells.
You knew the following spells:

 Your Spells              Type           Power      Damage    Failure   Level
a - Blink                 Tloc           100%       N/A       0%          2
b - Lesser Beckoning      Tloc           91%        N/A       0%          3
c - Gell's Gravitas       Tloc           91%        N/A       0%          3
d - Teleport Other        Tloc           91%        N/A       0%          3
e - Manifold Assault      Tloc           91%        N/A       0%          5
f - Foxfire               Conj/Fire      100%       2x1d9     0%          1
g - Call Imp              Summ           91%        N/A       0%          2
h - Conjure Flame         Conj/Fire      91%        6-21      0%          3
i - Animate Dead          Necr           91%        N/A       0%          4
j - Cause Fear            Hex            45%        N/A       0%          4
k - Summon Forest         Summ/Tloc      45%        N/A       0%          5
l - Death Channel         Necr           45%        N/A       0%          6
m - Iron Shot             Conj/Erth      45%        9d9       0%          6
n - Spellforged Servitor  Conj/Summ      45%        N/A       1%          7
o - Discord               Hex            45%        N/A       1%          8
p - Borgnjor's Revivific  Necr           45%        N/A       1%          8
q - Disjunction           Tloc           45%        N/A       1%          8
r - Death's Door          Necr           45%        N/A       2%          9
Your spell library was empty.

Dungeon Overview and Level Annotations

Branches:
Dungeon (1/1)

Altars:
Makhleb


Innate Abilities, Weirdness & Mutations

You are immune to sickness and miasma.
You are immune to poison.
Your flesh is very heat resistant. (rF++)
You are vulnerable to cold. (rC-)
You float through the air rather than walking.
You learn spells naturally, not from books.
Your magical power is your life essence.
You have superior vitality. (+4 MHP)


Message History

You hear a shout!
You hear a roar!
A fleshlord and a dread come into view.
Your extra speed is starting to run out.
A meat beast comes into view.
An observer comes into view.
You hear a shout!
The dread calls on the powers of darkness!
The bag of meat convulses!
The eight-headed meat hydra convulses!
The bag of meat convulses!
Your body is wracked with pain!
You hear a shout!
Your spectral meat beast is engulfed in blazing flames.
A fleshlord comes into view. It is wielding a +9 great mace.
Your spectral scourge bites the bag of meat.
A tyrant comes into view.
The fleshlord moves out of view.
The meat beast moves out of view.
You hear a shout!
A bag of meat comes into view. It is wielding a +9 war axe.
There is a staircase leading out of the dungeon, spattered with blood here.
Your unholy channel expires.
Your spectre fades into mist!
Your spectral bag of meat fades into mist!
Your spectral The Defiler fades into mist!
Your spectral bag of meat fades into mist!
Your spectral observer fades into mist!
Your spectral meat beast fades into mist!
Your spectral nine-headed meat hydra fades into mist!
Your spectral meat beast fades into mist! x3
Your spectral fleshlord fades into mist!
Your spectral observer fades into mist!
Your spectral scourge fades into mist!
You hear a shout! x2
Something hits your spectral scourge.
The eight-headed meat hydra calls on the powers of darkness!
The eight-headed meat hydra convulses!
The bag of meat convulses! x4
Your body is wracked with pain!
* * * LOW HITPOINT WARNING * * *
The meat berserker convulses!
The meat beast bites your spectral scourge.
The meat beast tramples your spectral scourge!
Your spectral scourge holds its ground!
You hear a roar!
You hear a shout!
You have escaped!

... .L #X.. ..# #M.Z #...
.W# #.ZoZWo###...
...###o).
.Zo.○ZZZZZo..ZD###......).
.ZZ.ZZZ#ZZ2°.Z.._o.o......
ZZZZ#○ZZZZZZ#.....#......
###ZZ))ZZZZZZ#_.@._#......
#Z.Z)#ZZ°ZZ..#ZZ)).#......
Z..ZZZZ#Z...Z.2)_)).O)....
)ZZ.)Z)ZZ.)..).###)....p..
).Z..ZZZ)Z###).)).).###...
).°Z.ZZZZ..Z#).)..))#....)
).)))Z)))Z))#.Z)..).#..).o
...#.)))ZZZZ.oZ...).).).).
))#)#)#ZZ2Z.).).).).)..)#.


You could see a meat beast (fast), a tyrant, an eight-headed meat hydra, a
fleshlord, a large abomination (summoned), a dread, a meat berserker (berserk),
6 bags of meat, 2 friendly spectral scourges, a friendly spectral meat
berserker, 3 friendly spectral fleshlords and the friendly spectral The Servant.

Vanquished Creatures
  Dispater (D)
  20 hell knights (D)
  Sigmund (D)
  20 hell beasts (D)
  Edmund (D)
  17 royal mummies (D)
  15 great orbs of eyes (D)
  11 wraiths (D)
  Harold (D)
  24 vampire knights (D)
  48 ogres (D)
  7 two-headed ogres (D)
  10 liches (D)
  9 hydras (D)
  11 phantoms (D)
  101 orcs (D)
  18 skeletal warriors (D)
  10 sea snakes (D)
325 creatures vanquished.

Vanquished Creatures (collateral kills)
  A two-headed ogre (D)
  A hydra (D)
  5 orcs (D)
7 creatures vanquished.

Vanquished Creatures (others)
  A hydra (D)
  An orc (D)
2 creatures vanquished.

Grand Total: 334 creatures vanquished

Notes
Turn   | Place    | Note
-------+----------+-------------------------------------------
     0 | D        | Found the +∞ Axe of Woe
     0 | D        | raph the Djinni Warper began the quest for the Orb.
     0 | D        | raph set off with the following spells memorised: Blink,
                  | Lesser Beckoning, Gell's Gravitas, Teleport Other, Manifold
                  | Assault.
     0 | D        | Reached XP level 1. HP: 18/18 MP: 0/0
     1 | D        | Noticed a bag of meat
     2 | D        | Killed a bag of meat
     2 | D        | Noticed a bag of meat
     2 | D        | Noticed a meat berserker
     2 | D        | Noticed a bag of meat
     2 | D        | Noticed a bag of meat
     2 | D        | Noticed a bag of meat
     2 | D        | Noticed a bag of meat
     3 | D        | Reached XP level 2. HP: 37/37 MP: 0/0
     3 | D        | Reached XP level 3. HP: 42/42 MP: 0/0
     3 | D        | Learned a level 1 spell: Foxfire
     3 | D        | Reached XP level 4. HP: 49/49 MP: 0/0
     3 | D        | Reached XP level 5. HP: 54/54 MP: 0/0
     3 | D        | Learned a level 2 spell: Call Imp
     3 | D        | Reached XP level 6. HP: 59/59 MP: 0/0
     3 | D        | Reached XP level 7. HP: 65/65 MP: 0/0
     3 | D        | Learned a level 3 spell: Conjure Flame
     3 | D        | Reached XP level 8. HP: 71/71 MP: 0/0
     3 | D        | Reached XP level 9. HP: 76/76 MP: 0/0
     3 | D        | Learned a level 4 spell: Animate Dead
     3 | D        | Reached XP level 10. HP: 83/83 MP: 0/0
     3 | D        | Reached XP level 11. HP: 87/87 MP: 0/0
     3 | D        | Learned a level 4 spell: Cause Fear
     3 | D        | Noticed a bag of meat
     5 | D        | Became a worshipper of Makhleb the Destroyer
     5 | D        | Noticed a meat berserker
     6 | D        | Killed a meat berserker
     6 | D        | Killed a meat berserker
     6 | D        | Reached * piety under Makhleb
     6 | D        | Noticed a meat berserker
     6 | D        | Noticed a meat berserker
     7 | D        | Reached skill level 15 in Axes
     7 | D        | Reached XP level 12. HP: 87/94 MP: 0/0
     7 | D        | Reached XP level 13. HP: 92/99 MP: 0/0
     7 | D        | Learned a level 5 spell: Summon Forest
     7 | D        | Reached XP level 14. HP: 97/105 MP: 0/0
     7 | D        | Killed a bag of meat
     8 | D        | Killed a bag of meat
     9 | D        | Killed a bag of meat
     9 | D        | Reached ** piety under Makhleb
     9 | D        | Killed a meat berserker
     9 | D        | Noticed a bag of meat
    10 | D        | Reached XP level 15. HP: 111/111 MP: 0/0
    10 | D        | Learned a level 6 spell: Death Channel
    10 | D        | Noticed a meat berserker
    11 | D        | Killed a meat berserker
    11 | D        | Reached *** piety under Makhleb
    11 | D        | Killed a meat berserker
    12 | D        | Reached XP level 16. HP: 116/116 MP: 0/0
    12 | D        | Reached XP level 17. HP: 121/121 MP: 0/0
    12 | D        | Learned a level 6 spell: Iron Shot
    12 | D        | Reached **** piety under Makhleb
    13 | D        | Noticed a meat berserker
    14 | D        | Killed a meat berserker
    14 | D        | Reached ***** piety under Makhleb
    15 | D        | Reached skill level 27 in Axes
    15 | D        | Reached skill level 27 in Spellcasting
    15 | D        | Reached skill level 15 in Dodging
    15 | D        | Reached XP level 18. HP: 135/135 MP: 0/0
    15 | D        | Noticed a meat berserker
    15 | D        | Noticed a meat berserker
    15 | D        | Noticed a meat berserker
    15 | D        | Noticed a meat berserker
    17 | D        | Reached skill level 15 in Fighting
    17 | D        | Killed a meat berserker
    17 | D        | Killed a meat berserker
    17 | D        | Killed a meat berserker
    18 | D        | Reached XP level 19. HP: 159/159 MP: 0/0
    18 | D        | Learned a level 7 spell: Spellforged Servitor
    18 | D        | Killed a meat berserker
    18 | D        | Reached ****** piety under Makhleb
    21 | D        | Reached skill level 27 in Dodging
    21 | D        | Reached XP level 20. HP: 179/179 MP: 0/0
    23 | D        | Reached skill level 27 in Fighting
    25 | D        | Reached skill level 27 in Invocations
    25 | D        | Reached skill level 15 in Armour
    25 | D        | Reached skill level 10 in Stealth
    25 | D        | Noticed a large bag of meat
    26 | D        | Noticed a destroyer
    26 | D        | Noticed a meat berserker
    26 | D        | Noticed a meat berserker
    26 | D        | Noticed a large bag of meat
    26 | D        | Noticed a meat berserker
    26 | D        | Noticed a destroyer
    27 | D        | Killed a meat berserker
    27 | D        | Noticed a destroyer
    27 | D        | Noticed a meat berserker
    27 | D        | Noticed an eight-headed meat hydra
    28 | D        | Reached XP level 21. HP: 85/187 MP: 0/0
    28 | D        | Learned a level 8 spell: Discord
    28 | D        | Killed a destroyer
    29 | D        | Killed a destroyer
    30 | D        | Reached XP level 22. HP: 69/194 MP: 0/0
    30 | D        | Noticed a meat berserker
    31 | D        | Killed a meat berserker
    31 | D        | Killed a meat berserker
    31 | D        | Killed a meat berserker
    32 | D        | Reached skill level 27 in Armour
    32 | D        | Killed a meat berserker
    33 | D        | Killed a large bag of meat
    34 | D        | Reached XP level 23. HP: 201/201 MP: 0/0
    34 | D        | Learned a level 8 spell: Borgnjor's Revivification
    34 | D        | Noticed a destroyer
    35 | D        | Killed a large bag of meat
    36 | D        | Reached skill level 27 in Throwing
    36 | D        | Reached skill level 27 in Stealth
    36 | D        | Killed a destroyer
    37 | D        | Reached skill level 5 in Maces & Flails
    37 | D        | Reached skill level 5 in Polearms
    37 | D        | Reached skill level 5 in Ranged Weapons
    40 | D        | Noticed a destroyer
    40 | D        | Killed a destroyer
    40 | D        | Killed a destroyer
    41 | D        | Reached skill level 10 in Maces & Flails
    41 | D        | Reached skill level 10 in Polearms
    41 | D        | Reached skill level 10 in Ranged Weapons
    41 | D        | Reached XP level 24. HP: 168/208 MP: 0/0
    45 | D        | Reached skill level 15 in Shields
    45 | D        | Reached skill level 15 in Evocations
    46 | D        | Reached skill level 15 in Short Blades
    46 | D        | Reached skill level 15 in Long Blades
    46 | D        | Reached skill level 15 in Staves
    46 | D        | Reached XP level 25. HP: 214/214 MP: 0/0
    46 | D        | Learned a level 8 spell: Disjunction
    47 | D        | Noticed an accursed
    47 | D        | Killed an accursed
    48 | D        | Reached skill level 15 in Maces & Flails
    48 | D        | Reached skill level 15 in Polearms
    48 | D        | Reached skill level 15 in Ranged Weapons
    50 | D        | Noticed an accursed
    50 | D        | Noticed an accursed
    51 | D        | Killed an accursed
    51 | D        | Killed an accursed
    51 | D        | Noticed an accursed
    52 | D        | Reached XP level 26. HP: 97/221 MP: 0/0
    53 | D        | Killed an accursed
    55 | D        | Noticed a tyrant
    55 | D        | Noticed an accursed
    55 | D        | Killed an accursed
    55 | D        | Killed a tyrant
    56 | D        | Reached XP level 27. HP: 127/228 MP: 0/0
    56 | D        | Learned a level 9 spell: Death's Door
    57 | D        | Noticed an accursed
    59 | D        | Killed an accursed
    61 | D        | Noticed a meat beast
    61 | D        | Killed a meat beast
    62 | D        | Reached skill level 27 in Unarmed Combat
    63 | D        | Noticed a dread
    63 | D        | Killed a dread
    64 | D        | Reached skill level 27 in Shields
    64 | D        | Reached skill level 27 in Evocations
    67 | D        | Noticed a meat beast
    68 | D        | Reached skill level 27 in Long Blades
    68 | D        | Killed a meat beast
    69 | D        | Reached skill level 27 in Short Blades
    69 | D        | Reached skill level 27 in Maces & Flails
    69 | D        | Reached skill level 27 in Polearms
    69 | D        | Reached skill level 27 in Staves
    69 | D        | Reached skill level 27 in Ranged Weapons
    69 | D        | Noticed a destroyer
    70 | D        | Killed a destroyer
    75 | D        | Noticed a meat beast
    76 | D        | Killed a meat beast
    76 | D        | Noticed an accursed
    77 | D        | Killed an accursed
    86 | D        | Noticed a meat beast
    87 | D        | Noticed an accursed
    89 | D        | Killed a meat beast
    90 | D        | Noticed an accursed
    90 | D        | Killed an accursed
    90 | D        | Killed an accursed
    92 | D        | Noticed a destroyer
    92 | D        | Killed a destroyer
    93 | D        | Noticed a tyrant
    93 | D        | Noticed a large bag of meat
    94 | D        | Killed a large bag of meat
    95 | D        | Noticed a destroyer
    95 | D        | Noticed The Captor
    96 | D        | Killed a destroyer
    96 | D        | Noticed a destroyer
    97 | D        | Killed a tyrant
    97 | D        | Noticed a meat beast
    98 | D        | Noticed a meat beast
    98 | D        | Killed a meat beast
    98 | D        | Killed The Captor
    98 | D        | Killed a destroyer
   100 | D        | Killed a meat beast
   100 | D        | Noticed a meat beast
   103 | D        | Killed a meat beast
   103 | D        | Noticed an accursed
   103 | D        | Noticed a tyrant
   104 | D        | Killed a tyrant
   104 | D        | Noticed a meat beast
   105 | D        | Noticed a meat beast
   105 | D        | Killed a meat beast
   105 | D        | Killed an accursed
   105 | D        | Noticed a tyrant
   105 | D        | Noticed an accursed
   106 | D        | Killed a meat beast
   106 | D        | Killed an accursed
   106 | D        | Killed a tyrant
   107 | D        | Noticed an accursed
   107 | D        | Noticed a dread
   107 | D        | Noticed a tyrant
   108 | D        | Killed a tyrant
   109 | D        | Noticed a destroyer
   109 | D        | Noticed a meat beast
   110 | D        | Killed a dread
   110 | D        | Noticed an accursed
   111 | D        | Killed a meat beast
   111 | D        | Killed an accursed
   112 | D        | Killed an accursed
   113 | D        | Noticed a large bag of meat
   113 | D        | Noticed a dread
   113 | D        | Noticed a meat beast
   114 | D        | Killed a large bag of meat
   115 | D        | Killed a meat beast
   117 | D        | Noticed a fleshlord
   117 | D        | Noticed a dread
   117 | D        | Noticed a dread
   118 | D        | Killed a destroyer
   118 | D        | Noticed a tyrant
   119 | D        | Killed a dread
   119 | D        | Killed a dread
   119 | D        | Killed a fleshlord
   119 | D        | Killed a tyrant
   119 | D        | Noticed a fleshlord
   119 | D        | Noticed an accursed
   120 | D        | Noticed a fleshlord
   120 | D        | Killed a dread
   120 | D        | Killed an accursed
   120 | D        | Killed a fleshlord
   120 | D        | Noticed a destroyer
   121 | D        | Noticed a fleshlord
   121 | D        | Killed a fleshlord
   121 | D        | Killed a fleshlord
   122 | D        | Killed a destroyer
   123 | D        | Noticed a dread
   124 | D        | Killed a dread
   126 | D        | Noticed a fleshlord
   127 | D        | Killed a fleshlord
   128 | D        | Noticed a destroyer
   128 | D        | Noticed The Servant
   128 | D        | Noticed a large bag of meat
   129 | D        | Killed a destroyer
   129 | D        | Killed a large bag of meat
   129 | D        | Noticed a fleshlord
   130 | D        | Killed The Servant
   131 | D        | Killed a fleshlord
   133 | D        | Noticed a fleshlord
   133 | D        | Noticed a tyrant
   133 | D        | Noticed a fleshlord
   133 | D        | Noticed a fleshlord
   133 | D        | Noticed a tyrant
   134 | D        | Killed a fleshlord
   134 | D        | Killed a tyrant
   134 | D        | Noticed a fleshlord
   135 | D        | Killed a fleshlord
   136 | D        | Killed a fleshlord
   136 | D        | Killed a fleshlord
   136 | D        | Noticed a fleshlord
   137 | D        | Killed a tyrant
   138 | D        | Noticed a fleshlord
   138 | D        | Noticed a fleshlord
   138 | D        | Noticed a fleshlord
   139 | D        | Killed a fleshlord
   139 | D        | Killed a fleshlord
   139 | D        | Noticed a fleshlord
   140 | D        | Killed a fleshlord
   140 | D        | Killed a fleshlord
   140 | D        | Noticed a large bag of meat
   141 | D        | Noticed a meat beast
   142 | D        | Killed a fleshlord
   143 | D        | Killed a meat beast
   143 | D        | Noticed a large bag of meat
   144 | D        | Noticed a destroyer
   144 | D        | Noticed a destroyer
   144 | D        | Killed a destroyer
   144 | D        | Killed a destroyer
   144 | D        | Noticed a meat beast
   145 | D        | Noticed a destroyer
   145 | D        | Killed a large bag of meat
   145 | D        | Killed a destroyer
   145 | D        | Killed a meat beast
   145 | D        | Noticed a fleshlord
   146 | D        | Noticed a destroyer
   146 | D        | Killed a destroyer
   146 | D        | Killed a large bag of meat
   146 | D        | Noticed a dread
   146 | D        | Noticed an accursed
   147 | D        | Killed a fleshlord
   147 | D        | Killed a dread
   147 | D        | Noticed a large bag of meat
   148 | D        | Killed a large bag of meat
   148 | D        | Noticed a meat beast
   148 | D        | Noticed a destroyer
   148 | D        | Noticed a meat beast
   149 | D        | Killed a destroyer
   149 | D        | Killed a meat beast
   149 | D        | Killed an accursed
   150 | D        | Noticed a meat beast
   150 | D        | Noticed a fleshlord
   151 | D        | Noticed a meat beast
   151 | D        | Killed a meat beast
   151 | D        | Noticed a destroyer
   151 | D        | Noticed a tyrant
   152 | D        | Killed a fleshlord
   152 | D        | Killed a destroyer
   152 | D        | Killed a meat beast
   153 | D        | Noticed a dread
   153 | D        | Noticed a meat beast
   154 | D        | Killed a meat beast
   154 | D        | Noticed a meat beast
   154 | D        | Noticed a dread
   155 | D        | Killed a dread
   155 | D        | Killed a dread
   156 | D        | Killed a tyrant
   156 | D        | Killed a meat beast
   157 | D        | Noticed a destroyer
   157 | D        | Killed a destroyer
   157 | D        | Noticed a fleshlord
   158 | D        | Killed a meat beast
   158 | D        | Killed a fleshlord
   159 | D        | Noticed a dread
   159 | D        | Noticed an accursed
   160 | D        | Killed a dread
   162 | D        | Noticed The Meatlord
   162 | D        | Noticed a dread
   162 | D        | Noticed The Defiler
   164 | D        | Killed The Meatlord
   165 | D        | Got the Orb of Zot
   165 | D        | Noticed a meat beast
   165 | D        | Noticed an accursed
   165 | D        | Noticed a fleshlord
   166 | D        | Noticed a meat beast
   166 | D        | Noticed a destroyer
   167 | D        | Killed a meat beast
   168 | D        | Noticed a destroyer
   168 | D        | Killed a destroyer
   168 | D        | Noticed a destroyer
   169 | D        | Killed The Defiler
   169 | D        | Killed an accursed
   170 | D        | Killed a destroyer
   170 | D        | Killed an accursed
   170 | D        | Noticed a meat beast
   171 | D        | Noticed a destroyer
   171 | D        | Noticed a destroyer
   171 | D        | Noticed a tyrant
   172 | D        | Killed a destroyer
   172 | D        | Killed a fleshlord
   172 | D        | Killed a tyrant
   173 | D        | Killed a dread
   173 | D        | Noticed a fleshlord
   174 | D        | Killed a destroyer
   174 | D        | Killed a fleshlord
   175 | D        | Noticed an accursed
   175 | D        | Noticed a fleshlord
   176 | D        | Killed a destroyer
   179 | D        | Noticed a fleshlord
   179 | D        | Noticed a dread
   179 | D        | Noticed a meat beast
   179 | D        | Noticed a fleshlord
   179 | D        | Noticed a tyrant
   181 | D        | Escaped with the Orb!

Illustrated notes

Levels and vault maps discovered:
D:        meatsprint

Skill      XL: |  1  2  3  4  5  6  7  8  9 10 11 12 13 14 15 16 17 18 19 20 21 22 23 24 25 26 27 |
---------------+----------------------------------------------------------------------------------+-----
Fighting       | 11 14 21 26 27 | 27.0
Throwing       | 9 17 20 26 27 | 27.0
Armour         | 11 20 23 27 | 27.0
Dodging        | 12 15 23 27 | 27.0
Unarmed Combat | 11 16 19 23 25 27 | 27.0
Spellcasting   | 8 16 21 24 27 | 27.0
Axes           | 15 21 25 27 | 27.0
Invocations    | 9 19 24 27 | 27.0
Stealth        | 16 20 26 27 | 27.0
Short Blades   | 11 15 19 22 27 | 27.0
Long Blades    | 11 15 19 22 27 | 27.0
Maces & Flails | 10 13 18 20 27 | 27.0
Polearms       | 10 13 18 20 27 | 27.0
Staves         | 11 15 19 22 27 | 27.0
Ranged Weapons | 10 13 18 20 27 | 27.0
Shields        | 12 16 21 23 27 | 27.0
Evocations     | 12 16 21 23 27 | 27.0

Action                   |  1- 3 |  4- 6 |  7- 9 | 10-12 | 13-15 | 16-18 | 19-21 | 22-24 | 25-27 || total
-------------------------+-------+-------+-------+-------+-------+-------+-------+-------+-------++-------
Melee: Executioner's axe |     1 |       |       |     1 |     7 |    10 |    17 |    20 |   272 ||   328
 Cast: Manifold Assault  |       |       |       |       |     1 |     3 |     5 |     6 |    85 ||   100
       Discord           |       |       |       |       |       |       |       |     1 |       ||     1
       Death Channel     |       |       |       |       |       |       |       |       |     1 ||     1
  Use: Potion            |       |       |       |       |       |       |       |       |     1 ||     1
Armor: Leather armour    |       |       |       |       |       |       |       |     2 |     1 ||     3
Dodge: Dodged            |       |       |       |       |       |       |       |     1 |     2 ||     3
